 Dungeon Crawl Stone Soup version 0.30-a0-377-g5cb311bc9f (webtiles) character file.

Game seed: 443839686588517188

154 tio the Grave Robber (level 5, -2/35 HPs)
             Began as a Demonspawn Necromancer on Nov 29, 2022.
             Succumbed to a gnoll sergeant's poison
             ... on level 3 of the Dungeon.
             The game lasted 00:12:04 (2899 turns).

tio the Grave Robber (Demonspawn Necromancer)       Turns: 2899, Time: 00:12:05

Health: -2/35      AC:  3    Str:  8    XL:     5   Next: 13%
Magic:  5/10       EV: 12    Int: 19    God:
Gold:   105        SH:  0    Dex: 13    Spells: 9/10 levels left

rFire   . . .      SeeInvis .    g - +0 whip
rCold   . . .      Faith    .    (no shield)
rNeg    . . .      Spirit   .    a - +0 robe
rPois   .          Reflect  .    (no helmet)
rElec   .          Harm     .    r - +0 cloak
rCorr   .          Rampage  .    (no gloves)
Will    .....                    (no boots)
Stlth   ++........               (no amulet)
HPRegen 0.25/turn                c - ring of wizardry
MPRegen 0.12/turn                (no ring)

@: lethally poisoned (-2 -> -20)
A: claws 1, demonic guardian 1
a: no special abilities


You were on level 3 of the Dungeon.
You visited 1 branch of the dungeon, and saw 3 of its levels.

You collected 105 gold pieces.

Inventory:

Hand Weapons
 g - a +0 whip (weapon)
Missiles
 h - 3 atropa-tipped darts
Armour
 a - a +0 robe (worn)
 r - a +0 cloak (worn)
Jewellery
 c - a ring of wizardry (left claw)
 s - an amulet of faith
Wands
 n - a wand of iceblast (11)
Scrolls
 e - 5 scrolls of identify {unknown}
 f - a scroll of acquirement {unknown}
 i - 2 scrolls of enchant armour {unknown}
 j - 3 scrolls of blinking {unknown}
 k - 2 scrolls of fear {unknown}
 l - 2 scrolls of immolation {unknown}
 m - a scroll of poison {unknown}
 o - a scroll of magic mapping {unknown}
 q - a scroll of summoning {unknown}
Potions
 b - 2 potions of magic
 d - a potion of might {unknown}
 p - 3 potions of curing {unknown}
 t - a potion of flight {unknown}


   Skills:
 + Level 1.9 Dodging
 + Level 2.5 Stealth
 + Level 3.4 Spellcasting
 + Level 5.8 Necromancy


You had 9 spell levels left.
You knew the following spells:

 Your Spells              Type           Power      Damage    Failure   Level
a - Necrotise             Necr           100%       1d9       1%          1

Your spell library contained the following spells:

 Spells                   Type           Power      Damage    Failure   Level
 Vampiric Draining        Necr           25%        2d7       1%          3
 Sandblast                Erth           6%         2d5       6%          1
 Animate Dead             Necr           25%        N/A       6%          4
 Passwall                 Tmut/Erth      2%         N/A       9%          2
 Agony                    Necr           25%        N/A       16%         5
 Dazzling Flash           Conj/Hex       6%         N/A       17%         3
 Stone Arrow              Conj/Erth      6%         3d7       17%         3
 Iskenderun's Mystic Bla  Conj/Tloc      3%         2d3       47%         4
 Starburst                Conj/Fire      1%         6d3       100%        6


Dungeon Overview and Level Annotations

Branches:
Dungeon (3/15)

Altars:


Innate Abilities, Weirdness & Mutations

You have sharp fingernails.
A weak demonic guardian rushes to your aid.


Message History

The gnoll shouts!
You are out of magic!
Magic courses through your body.
The gnoll sergeant writhes in agony.
Aiming: Iceblast
Press: ? - help, Q - select action, (/) - cycle Shift-Dir - straight line, p - gnoll sergeant The mass of ice explodes!
The iceblast engulfs the gnoll.
The gnoll is moderately wounded.
The iceblast engulfs the gnoll!
You kill the gnoll!
The iceblast engulfs the gnoll sergeant!
The gnoll sergeant is heavily wounded.
The gnoll sergeant barely misses you.
You have reached level 5!
The gnoll writhes in agony.
The gnoll sergeant hits you from afar with a +0 spear of venom.
You are poisoned.
A gnoll comes into view. It is wielding a +0 club.
The gnoll closely misses you.
The gnoll writhes in agony!
You kill the gnoll!
The dead are walking!
You feel sick.
The gnoll sergeant hits you from afar with a +0 spear of venom.
You are more poisoned.
The gnoll writhes in agony.
You feel sick. The gnoll hits you with a +0 flail!
The gnoll sergeant hits you from afar with a +0 spear of venom!
* * * LOW HITPOINT WARNING * * *
You are lethally poisoned!
Aiming: Iceblast
Press: ? - help, Q - select action, (/) - cycle Shift-Dir - straight line, f - gnoll skeleton, p - gnoll
Aim: a gnoll skeleton (friendly) That beam is likely to hit you.
Continue anyway?
The mass of ice explodes!
The iceblast engulfs the gnoll!
You kill the gnoll!
The iceblast engulfs you!
* * * LOW HITPOINT WARNING * * *
A demonic guardian appears!
The iceblast engulfs the gnoll sergeant!
You kill the gnoll sergeant!
You die...

.....# ##.########
#.# #.##
.##########..........
#.##
.#####.........######
#.## .......####...##
#.## ########
##..#### #.# #.....#
#.## #.###.# #... #.#
#.# #### #.# ♣@♣ #.#
♣)♣ ### 5). ♣.Z)♣
..... ♣.♣g$)♣ ....♣..
)........


You could see a gnoll (ally target), a friendly quasit (summoned) and a friendly
gnoll skeleton.

Vanquished Creatures
  A gnoll sergeant (D:3)
  3 adders (D:2)
  7 gnolls (D:3)
  2 worms (D:2)
  A dart slug (D:1)
  3 bats (D:2)
  2 endoplasms
  6 giant cockroaches
  2 goblins
  4 hobgoblins
  6 quokkas
  8 ball pythons
  3 frilled lizards
  4 kobolds
  4 rats
56 creatures vanquished.

Vanquished Creatures (collateral kills)
  A gnoll (D:1)
1 creature vanquished.

Grand Total: 57 creatures vanquished

Notes
Turn   | Place    | Note
-------+----------+-------------------------------------------
     0 | D:1      | tio the Demonspawn Necromancer began the quest for the Orb.
     0 | D:1      | Reached XP level 1. HP: 13/13 MP: 3/3
   323 | D:1      | Gained mutation: A weak demonic guardian rushes to your
                  | aid. [demonic ancestry]
   323 | D:1      | Reached XP level 2. HP: 19/19 MP: 3/5
   817 | D:1      | Reached skill level 5 in Necromancy
   976 | D:1      | Reached XP level 3. HP: 10/24 MP: 0/6
  1614 | D:2      | Gained mutation: You have sharp fingernails. [demonic
                  | ancestry]
  1614 | D:2      | Reached XP level 4. HP: 30/30 MP: 3/8
  2890 | D:3      | Noticed a gnoll sergeant
  2896 | D:3      | Reached XP level 5. HP: 34/35 MP: 8/10
  2899 | D:3      | HP: 1/35 [shot self (8)]
  2899 | D:3      | Succumbed to a gnoll sergeant's poison

Illustrated notes

Levels and vault maps discovered:
D:1:      nicolae_arrival_memento_mori, layout_loops_ring
D:2:      layout_loops_ring, minmay_misc_feat_encased
D:3:      layout_loops_corners, pf_guarded_unrand_woodcutter

Skill      XL: |  1  2  3  4 |
---------------+-------------+-----
Stealth        | 2 |  2.5
Necromancy     | 5 |  5.8
Spellcasting   | 3 |  3.4
Dodging        | |  1.9

Action                   |  1- 3 |  4- 6 || total
-------------------------+-------+-------++-------
 Cast: Necrotise         |    67 |    36 ||   103
Evoke: Wand              |       |     3 ||     3
  Use: Potion            |       |     1 ||     1
Armor: Robe              |       |     1 ||     1
Dodge: Dodged            |     5 |     5 ||    10

Table legend: (Time is in decaauts)
 A = Elapsed time spent in this place.
 B = Non-inter-level travel time spent in this place.
 C = Inter-level travel time spent in this place.
 D = Time resting spent in this place.
 E = Time spent auto-exploring this place.
 F = Levels seen in this place.
 G = Mean time per level.
                   A        B        C        D        E       F      G
               +--------+--------+--------+--------+--------+-----+--------+
         Total |   2897 |   2663 |    234 |      0 |   2361 |   3 |  965.7 |
       Dungeon |   2897 |   2663 |    234 |      0 |   2361 |   3 |  965.7 |
               +--------+--------+--------+--------+--------+-----+--------+

Top non-repeatable levels by time:
     D:2: 1226 daAuts
     D:1: 1170 daAuts
     D:3: 500 daAuts
